 Dungeon Crawl Stone Soup version 0.25.1-2-g60ff931df9 (webtiles) character file.

Game seed: 9630778352154446749

2293 MajorAdolf the Covert (level 9, -22/87 HPs)
             Began as a Naga Wanderer on Oct 6, 2020.
             Annihilated by an ogre
             ... wielding a +0 giant club
              (25 damage)
             ... on level 7 of the Dungeon.
             The game lasted 00:12:40 (8883 turns).

MajorAdolf the Covert (Naga Wanderer)               Turns: 8883, Time: 00:12:40

Health: -22/87     AC:  5    Str: 15    XL:     9   Next: 40%
Magic:  9/9        EV:  9    Int: 15    God:
Gold:   271        SH:  0    Dex: 11    Spells: 8/8 levels left

rFire    . . .     SeeInvis +   r - +8 quarterstaff of Qolouph {flame, rElec Stlth+}
rCold    . . .     Gourm    .   (shield currently unavailable)
rNeg     . . .     Faith    .   d - +0 robe
rPois    +         Spirit   .   q - +0 helmet
rElec    +         Reflect  .   (no cloak)
rCorr    .         Harm     .   (no gloves)
MR       +....                  (no barding)
Stlth    +++++.....             (no amulet)
HPRegen  0.24/turn              (no ring)
MPRegen  0.11/turn              (no ring)

@: about to teleport, heavily drained, very slow
A: large, see invisible, deformed body, poison resistance, slowness 2, slow
metabolism 1, spit poison 1, AC +3
a: Spit Poison


You were on level 7 of the Dungeon.
You were not hungry.

You visited 1 branch of the dungeon, and saw 7 of its levels.

You collected 383 gold pieces.
You spent 112 gold pieces at shops.

Inventory:

Hand Weapons
 r - the +8 quarterstaff of Qolouph (weapon) {flame, rElec Stlth+}
   (You found it on level 5 of the Dungeon)

   It has been specially enchanted to burn those struck by it, causing extra
   injury to most foes and up to half again as much damage against particularly
   susceptible opponents.
   It insulates you from electricity.
   It makes you more stealthy.
 w - a +4 long sword of freezing
 x - a cursed +4 falchion of freezing
Missiles
 n - 31 poisoned darts (quivered)
Armour
 d - a +0 robe (worn)
 q - a +0 helmet (worn)
Wands
 e - a wand of paralysis (9)
 o - a wand of flame (17)
 u - a wand of enslavement (13)
Scrolls
 c - a scroll of identify
 g - a scroll of blinking {unknown}
 i - 4 scrolls of remove curse
 l - a scroll of random uselessness {unknown}
 p - a scroll of fear {unknown}
 v - a scroll of enchant weapon {unknown}
 y - a scroll of summoning {unknown}
Potions
 a - a potion of haste
 b - 5 potions of curing
 h - a potion of heal wounds {unknown}
 j - 2 potions of flight {unknown}
 k - a potion of mutation {unknown}
 m - 3 potions of stabbing {unknown}
 s - a potion of might
 z - a potion of invisibility {unknown}
 A - a potion of magic {unknown}
Comestibles
 f - 12 rations


   Skills:
 + Level 7.7(6.1) Fighting
 - Level 5.6(4.2) Staves
 - Level 1.0(0.0) Armour
 - Level 1.5(0.2) Dodging
 + Level 12.5(10.8) Stealth
 - Level 1.0(0.0) Evocations


You had 8 spell levels left.
You didn't know any spells.
Your spell library contained the following spells:

 Spells                   Type           Power        Failure   Level  Hunger
 Animate Skeleton         Necr           N/A          26%         1    ##.....
 Apportation              Tloc           #.....       26%         1    ##.....
 Corona                   Hex            #......      26%         1    ##.....
 Summon Small Mammal      Summ           #...         26%         1    ##.....


Dungeon Overview and Level Annotations

Branches:
Dungeon (7/15)
 Temple: D:4-7

Altars:
Elyvilon
Fedhas
Gozag
Kikubaaqudgha
Makhleb
Nemelex Xobeh
Sif Muna
Uskayaw

Shops:
D:5 *   D:6 =*   D:7 ?

Annotations:
D:3 exclusion: downstairs
D:4 exclusion: orc wizard
D:7 2 transporters


Innate Abilities, Weirdness & Mutations

You cannot wear boots.
Your serpentine skin is tough. (AC +3)
You have supernaturally acute eyesight. (SInv)
Armour fits poorly on your strangely shaped body.
Your system is resistant to poisons. (rPois)
You cover ground very slowly.
You have a slow metabolism.
You can spit poison.


Message History

The orc priest shouts!
The ogre hits you with a +0 giant club!!
The orc priest looks satisfied for a moment.
The orc priest shouts!
You barely miss the orc.
The orc is almost dead.
The orc barely misses you. The orc warrior barely misses you.
The ogre hits you with a +0 giant club!!
The orc priest mumbles some strange prayers to Beogh against you.
Beogh smites you!
The orc hits you with a cursed -2 hand axe.
* * * LOW HITPOINT WARNING * * *
Unknown command.
Okay, then.
As you read the scroll of teleportation, it crumbles to dust.
You feel strangely unstable. The orc closely misses you.
The orc warrior hits you from afar with a +0 halberd!!
* * * LOW HITPOINT WARNING * * *
The ogre hits you with a +0 giant club!!
You die...

#..........# #.#≈...;#..#
#..........# #.#≈...≈#..##
#..........###.#≈.♣!≈#...^
#...........##.#≈...≈#....
########....##.#≈...≈#..).
. #.$..##.#≈...≈#).[. ...
#....##.###+###....
....o##o...##.#P.).P#....
.....ooO@..##.#8.©.8#..##
##....†.##..#[#######..##
#......# #.#....©.......
#.....O# .####.........
#....[.#.......#...##...
#......#.##.##.#.####...
#...!..# #.#.# #...
#......# #.#.# #... ..#.#
#...


You could see an orc warrior, 2 ogres, 2 orc priests and an orc.

Vanquished Creatures
  Grinder (D:5)
  Prince Ribbit (D:5)
  Eustachio (D:4)
  Menkaure (D:6)
  An ogre (D:6)
  A phantom (D:6)
  2 bullfrogs
  A wyvern skeleton (D:6)
  2 scorpions
  9 wights (D:7)
  2 howler monkeys (D:5)
  A crimson imp (D:6)
  A bullfrog zombie (D:6)
  2 quasits (D:6)
  A jelly (D:6)
  5 hounds
  A centaur skeleton (D:4)
  2 iguanas (D:7)
  3 worker ants
  2 orc wizards
  A hound zombie (D:7)
  Robin (D:3)
  3 gnolls (D:4)
  A howler monkey skeleton (D:6)
  5 adders
  2 shadow imps
  3 adder skeletons
  4 worms
  A dart slug (D:1)
  2 leopard geckos
  15 orcs
  3 ball pythons
  5 giant cockroaches
  16 goblins
  5 hobgoblins
  8 jackals
  A quokka (D:4)
  6 bats
  5 frilled lizards
  5 kobolds
  A quokka skeleton (D:7)
  4 rats
137 creatures vanquished.

Notes
Turn   | Place    | Note
-------+----------+-------------------------------------------
     0 | D:1      | MajorAdolf the Naga Wanderer began the quest for the Orb.
     0 | D:1      | MajorAdolf set off with the following items: a +2
                  | quarterstaff, a potion of lignification, a scroll of
                  | teleportation, a +0 robe, a +0 dagger, a ration
     0 | D:1      | Reached XP level 1. HP: 19/19 MP: 1/1
    45 | D:1      | Reached skill level 4 in Stealth
    47 | D:1      | HP: 1/28 [bat (1)]
    56 | D:1      | HP: 1/28 [bat (1)]
    58 | D:1      | Reached XP level 2. HP: 2/26 MP: 2/2
  1435 | D:1      | Reached skill level 5 in Stealth
  1743 | D:2      | Reached XP level 3. HP: 31/32 MP: 3/3
  1981 | D:3      | Reached skill level 6 in Stealth
  2478 | D:3      | Noticed Robin
  2566 | D:3      | Reached XP level 4. HP: 39/39 MP: 4/4
  3106 | D:3      | Found a shimmering blue altar of Sif Muna.
  3226 | D:3      | Killed Robin
  4172 | D:4      | Noticed Eustachio
  4173 | D:4      | Reached skill level 7 in Stealth
  4173 | D:4      | Reached XP level 5. HP: 28/49 MP: 5/5
  4209 | D:4      | HP: 2/49 [Eustachio/+0 falchion (11)]
  4210 | D:4      | Killed Eustachio
  4210 | D:4      | Reached skill level 8 in Stealth
  4210 | D:4      | Reached XP level 6. HP: 3/57 MP: 6/6
  5194 | D:5      | Entered Level 5 of the Dungeon
  5205 | D:5      | Found Ceekk's Assorted Antiques.
  5311 | D:5      | Bought a fluorescent wand for 112 gold pieces
  5343 | D:5      | Reached skill level 9 in Stealth
  5459 | D:5      | Got a shimmering quarterstaff
  5461 | D:5      | Identified the +8 quarterstaff of Qolouph {flame, rElec
                  | Stlth+} (You found it on level 5 of the Dungeon)
  5501 | D:5      | Reached XP level 7. HP: 53/66 MP: 7/7
  5775 | D:5      | Reached skill level 5 in Fighting
  5790 | D:5      | Noticed Prince Ribbit
  5800 | D:5      | HP: 3/67 [Prince Ribbit (11)]
  5803 | D:5      | Killed Prince Ribbit
  6158 | D:5      | Reached skill level 10 in Stealth
  6309 | D:5      | Noticed Grinder
  6314 | D:5      | Killed Grinder
  6314 | D:5      | Reached XP level 8. HP: 71/76 MP: 8/8
  6846 | D:6      | Found Foiquub's Jewellery Shop.
  6876 | D:6      | Reached skill level 11 in Stealth
  6946 | D:6      | Found an opulent altar of Gozag.
  6947 | D:6      | Found Gozag's Platinum Reserve.
  7382 | D:6      | Noticed Menkaure
  7384 | D:6      | Killed Menkaure
  7384 | D:6      | Reached skill level 5 in Staves
  7429 | D:6      | Found a blossoming altar of Fedhas.
  7455 | D:6      | Reached XP level 9. HP: 59/85 MP: 9/9
  7667 | D:6      | Found an ancient bone altar of Kikubaaqudgha.
  7855 | D:7      | Found a transporter.
  7866 | D:7      | Found Emof Pyr's Magic Scroll Emporium.
  8045 | D:7      | Found a transporter.
  8064 | D:7      | Reached skill level 12 in Stealth
  8662 | D:7      | Found a white marble altar of Elyvilon.
  8665 | D:7      | Found a hide-covered altar of Uskayaw.
  8668 | D:7      | Found a sparkling altar of Nemelex Xobeh.
  8671 | D:7      | Found a burning altar of Makhleb.
  8825 | D:7      | Got a twisted falchion
  8827 | D:7      | Identified the cursed +0 falchion of Awkwardness {drain,
                  | Int+2} (You found it on level 7 of the Dungeon)
  8883 | D:7      | HP: 3/87 [orc warrior/+0 halberd (20)]
  8883 | D:7      | Annihilated by an ogre

Illustrated notes

Levels and vault maps discovered:
D:1:      lightli_arrival_maybe_door_vault, layout_basic
D:2:      layout_basic
D:3:      layout_basic, lemuel_blue_sif_altar, st_stairs_5,
          hangedman_abyss_or_decor_stabs, kennysheep_big_empty_room, uniq_robin
D:4:      layout_basic, first_ration, uniq_eustachio, uniq_blork_the_orc,
          uniq_pikel
D:5:      layout_loops_ring, serial_shops, shop, minmay_checkerbox,
          uniq_grinder, uniq_prince_ribbit1
D:6:      layout_loops_ring, nicolae_gozag_zags_fifth_avenue,
          kiku_gazebo_garden_becter, serial_shops, nicolae_shop_waterfront,
          basic_altar, uniq_menkaure
D:7:      gammafunk_steamed_eel, layout_basic, grunt_temple_overflow_cloverleaf,
          minmay_temple_entry_mini_moons, serial_shops, kennysheep_mini,
          grunt_livestock

Skill      XL: |  1  2  3  4  5  6  7  8  9 |
---------------+----------------------------+-----
Stealth        | 4 5 6 7 8 9 10 11 12 | 12.5
Fighting       | 3 4 5 6 7 |  7.7
Staves         | 3 5 |  5.6
Armour         | |  1.0
Dodging        | |  1.5
Evocations     | |  1.0

Action                   |  1- 3 |  4- 6 |  7- 9 || total
-------------------------+-------+-------+-------++-------
Melee: Quarterstaff      |   111 |   138 |   144 ||   393
 Abil: Spit Poison       |     5 |    15 |     3 ||    23
  Use: Potion            |     1 |     2 |     1 ||     4
       Scroll            |       |     5 |     2 ||     7
 Stab: Sleeping          |     6 |       |    18 ||    24
  Eat: Chunk             |     4 |     8 |     8 ||    20
Armor: Skin              |    14 |       |       ||    14
       Robe              |    14 |    17 |    21 ||    52
Dodge: Dodged            |    69 |    62 |    67 ||   198
